 Dungeon Crawl Stone Soup version 0.27-a0-1301-g128193abf8 (webtiles) character file.

Game seed: 10923742900561957597

8434 flotson the Skirmisher (level 11, -5/86 HPs)
             Began as a Demonspawn Delver on June 17, 2021.
             Slain by relicbr's ghost (18 damage)
             ... on level 8 of the Dungeon.
             The game lasted 00:20:56 (13031 turns).

flotson the Skirmisher (Demonspawn Delver)         Turns: 13031, Time: 00:20:57

Health: -5/86      AC:  9    Str: 16    XL:     11   Next: 9%
Magic:  11/11      EV: 15    Int: 16    God:
Gold:   311        SH:  0    Dex: 14    Spells: 10/10 levels left

rFire    . . .     SeeInvis +   b - +8 hunting sling of Niocuhid {speed, Will+}
rCold    . . .     Faith    .   (no shield)
rNeg     . . .     Spirit   .   v - +0 steam dragon scales
rPois    .         Reflect  .   (helmet unavailable)
rElec    .         Harm     .   (no cloak)
rCorr    .         Rampage  .   (no gloves)
Will     +....                  H - +2 pair of boots
Stlth    +++.......             B - amulet of the acrobat
HPRegen  0.24/turn              (no ring)
MPRegen  0.12/turn              (no ring)

@: hasted, very quick
A: antennae 3, foul stench 1, big brain 2
a: no special abilities


You were on level 8 of the Dungeon.
You visited 1 branch of the dungeon, and saw 10 of its levels.

You collected 461 gold pieces.
You spent 150 gold pieces at shops.

Inventory:

Hand Weapons
 a - a +0 war axe
 b - the +8 hunting sling of Niocuhid (weapon) {speed, Will+}
   (You found it on level 4 of the Dungeon)

   Attacks with this weapon are significantly faster.
   It increases your willpower.
 E - a +2 whip of freezing
Missiles
 e - 4 curare-tipped darts
 h - 25 poisoned darts
 s - 27 stones (quivered ammo)
Armour
 v - +0 steam dragon scales (worn)
 H - a +2 pair of boots (worn)
 N - the +3 crown of Dyrovepreva {rElec Int+2 SInv}
   (You found it on level 9 of the Dungeon)

   It affects your intelligence (+2).
   It insulates you from electricity.
   It lets you see invisible.
Jewellery
 B - an amulet of the acrobat (around neck)
Wands
 g - a wand of digging (9)
 i - a wand of paralysis (3)
 x - a wand of iceblast (4)
 z - a wand of polymorph (9)
 J - a wand of acid (10)
 K - a wand of charming (8)
Scrolls
 c - 4 scrolls of fog
 d - a scroll of magic mapping
 k - 6 scrolls of teleportation {unknown}
 l - 8 scrolls of identify {unknown}
 o - 2 scrolls of noise {unknown}
 p - 3 scrolls of blinking
 q - a scroll of vulnerability {unknown}
 y - a scroll of acquirement {unknown}
 A - a scroll of enchant weapon {unknown}
 G - a scroll of fear
 I - a scroll of enchant armour {unknown}
 L - a scroll of amnesia {unknown}
 M - a scroll of immolation {unknown}
Potions
 j - a potion of invisibility {unknown}
 m - a potion of cancellation {unknown}
 n - 2 potions of curing {unknown}
 r - 2 potions of lignification {unknown}
 t - 2 potions of attraction {unknown}
 u - a potion of resistance
 w - a potion of flight {unknown}
 C - 2 potions of might {unknown}
 D - 2 potions of ambrosia {unknown}
 F - 3 potions of heal wounds


   Skills:
 + Level 7.8 Fighting
 + Level 6.7 Axes
 + Level 3.9(4.9) Slings
 - Level 4.5(5.2) Throwing
 + Level 6.4 Armour
 + Level 6.7 Dodging
 - Level 4.5 Stealth
 + Level 6.7 Evocations


You had 10 spell levels left.
You didn't know any spells.
Your spell library contained the following spells:

 Spells                   Type           Power      Damage    Failure   Level
 Animate Skeleton         Necr           0%         N/A       26%         1
 Apportation              Tloc           0%         N/A       26%         1
 Corona                   Hex            0%         N/A       26%         1
 Foxfire                  Conj/Fire      0%         2x1d4     26%         1
 Summon Small Mammal      Summ           0%         N/A       26%         1
 Confusing Touch          Hex            0%         N/A       58%         3
 Conjure Flame            Conj/Fire      0%         6-21      58%         3
 Gell's Gravitas          Tloc           0%         N/A       58%         3
 Inner Flame              Hex/Fire       0%         N/A       58%         3
 Lesser Beckoning         Tloc           0%         N/A       58%         3
 Tukima's Dance           Hex            0%         N/A       58%         3
 Petrify                  Tmut/Erth      0%         N/A       94%         4
 Sticky Flame             Conj/Fire      0%         2d3       94%         4
 Alistair's Intoxication  Tmut/Pois      0%         N/A       100%        5
 Fireball                 Conj/Fire      0%         3d3       100%        5
 Metabolic Englaciation   Hex/Ice        0%         N/A       100%        5
 Yara's Violent Unravell  Hex/Tmut       0%         3d3       100%        5
 Invisibility             Hex            0%         N/A       100%        6


Dungeon Overview and Level Annotations

Branches:
Dungeon (10/15)            Temple (0/1) D:6            Lair (0/6) D:8
    Orc: D:9-12

Altars:
Ashenzari
Dithmenos
Fedhas
Hepliaklqana
Makhleb
Okawaru
Ru
Trog
Uskayaw
Yredelemnul
Zin

Shops:
D:8 [*:

Annotations:
D:8 relicbr's ghost, novice DsWn


Innate Abilities, Weirdness & Mutations

You have a pair of large antennae on your head. (SInv)
You may rarely emit foul miasma when damaged in melee.
You have an extremely huge brain. (Int +4)


Message History

You are too injured to fight recklessly!
You are too injured to fight recklessly!
Fire: 32 stones
Press: ? - help, Q - select action, (/) - cycle Shift-Dir - straight line, f/p - relicbr's ghost
Aim: relicbr's ghost, wielding a vorpal weapon (moderately damaged, 71% to hit)
You shoot a stone.
The stone barely misses relicbr's ghost.
Unknown command.
Fire: 31 stones
Press: ? - help, Q - select action, (/) - cycle Shift-Dir - straight line, f/p - relicbr's ghost
Aim: relicbr's ghost, wielding a vorpal weapon (moderately damaged, 71% to hit)
You shoot a stone.
The stone hits relicbr's ghost but does no damage.
Relicbr's ghost is moderately damaged.
Relicbr's ghost hits you.
Relicbr's ghost says, "Destruction is an occupation beyond life."
Fire: 30 stones
Press: ? - help, Q - select action, (/) - cycle Shift-Dir - straight line, f/p - relicbr's ghost
Aim: relicbr's ghost, wielding a vorpal weapon (moderately damaged, 71% to hit)
You shoot a stone. The stone hits relicbr's ghost.
Relicbr's ghost is heavily damaged.
Relicbr's ghost closely misses you.
Fire: 29 stones
Press: ? - help, Q - select action, (/) - cycle Shift-Dir - straight line, f/p - relicbr's ghost
Aim: relicbr's ghost, wielding a vorpal weapon (heavily damaged, 71% to hit)
You shoot a stone.
The stone hits relicbr's ghost but does no damage.
Relicbr's ghost is heavily damaged.
Fire: 28 stones
Press: ? - help, Q - select action, (/) - cycle Shift-Dir - straight line, f/p - relicbr's ghost
Aim: relicbr's ghost, wielding a vorpal weapon (heavily damaged, 71% to hit)
You shoot a stone.
The stone barely misses relicbr's ghost.
Relicbr's ghost hits you!
* * * LOW HITPOINT WARNING * * *
x2 You feel much better.
Relicbr's ghost hits you!!
* * * LOW HITPOINT WARNING * * *
x2 You emit a cloud of foul miasma!
You feel yourself speed up. Relicbr's ghost hits you!!
You die...

≈≈##.P...P.P.P..## #.##.##.#.####
≈##.......P..^..# #.##..........
##....P...P....####..........###
#P...P.P...PP....#####.#...#.###
#.P...##)#......(...(..#.#...[..
##.P..P#).#..P....####........##.
#..P...#>.#..P..#.# #.<#..###.#..
....P.P####...P.#W# #(###.# #..⌠.
##..P........P..@.# #..#..###....
##.P.PPP....P...### ##...###.....
.........P.P....# ###..(..#....
...#....P.P.....# #........#.⌠.
.#.##.......#...#####.#..#.#.##..
.#.##.##..............#..#.#.##..
∩...#...<................#.......
......##........###...#..#.#.###.
......#######...#≈###.#....W..##.


You could see relicbr's ghost.

Vanquished Creatures
  A two-headed ogre (D:9)
  Pikel (D:7)
  Joseph (D:8)
  2 hornets
  3 yaks (D:9)
  Sigmund (D:6)
  A wraith (D:8)
  3 wyverns
  A steam dragon (D:5)
  4 vampire mosquitoes
  Menkaure (D:7)
  An acid dragon (D:10)
  Edmund (D:6)
  2 black bears
  5 sky beasts
  2 hornet zombies
  2 orc warriors
  2 ogres (D:5)
  10 centaurs
  A phantom (D:6)
  A lemure (D:7)
  2 kobold brigands
  6 bullfrogs
  4 scorpions
  2 wyvern skeletons (D:7)
  11 killer bees
  4 centaur zombies
  3 gnoll shamans
  2 jellies
  2 orc priests
  A bullfrog skeleton (D:3)
  A centaur skeleton (D:6)
  4 hounds
  3 iguanas
  8 orc wizards
  A killer bee zombie (D:6)
  A howler monkey zombie (D:9)
  12 gnolls
  An adder (D:3)
  2 shadow imps (D:5)
  2 white imps
  2 worms
  3 dart slugs
  21 orcs
  7 ball pythons
  8 bats
  6 endoplasms
  5 giant cockroaches
  7 goblins
  5 hobgoblins
  6 jackals (D:2)
  16 kobolds
  4 frilled lizards
  5 rats
213 creatures vanquished.

Vanquished Creatures (others)
  19 fungi
  5 plants
24 creatures vanquished.

Grand Total: 237 creatures vanquished

Notes
Turn   | Place    | Note
-------+----------+-------------------------------------------
     0 | D:5      | flotson the Demonspawn Delver began the quest for the Orb.
     0 | D:5      | Reached XP level 1. HP: 18/18 MP: 1/1
    63 | D:5      | Noticed a scorpion
   289 | D:4      | Gained mutation: You have a pair of small antennae on your
                  | head. [demonic ancestry]
   289 | D:4      | Reached XP level 2. HP: 24/24 MP: 2/2
   630 | D:3      | Found a broken altar of Ashenzari.
   657 | D:3      | Found a faded altar of an unknown god.
   853 | D:2      | Reached skill level 1 in Armour
   853 | D:2      | Reached XP level 3. HP: 22/29 MP: 3/3
  2353 | D:2      | Gained mutation: You may rarely emit foul miasma when
                  | damaged in melee. [demonic ancestry]
  2353 | D:2      | Reached XP level 4. HP: 35/35 MP: 4/4
  3215 | D:4      | Found a blossoming altar of Fedhas.
  3296 | D:4      | Reached skill level 1 in Throwing
  3296 | D:4      | Reached XP level 5. HP: 41/42 MP: 5/5
  3522 | D:4      | Reached skill level 1 in Evocations
  3662 | D:4      | Noticed a black bear
  3672 | D:4      | Killed a black bear
  3673 | D:4      | Reached skill level 4 in Fighting
  3673 | D:4      | Reached XP level 6. HP: 45/48 MP: 6/6
  3734 | D:4      | Found a hide-covered altar of Uskayaw.
  3734 | D:4      | Found a sacrificial altar of Ru.
  3827 | D:4      | Identified the +8 hunting sling of Niocuhid {speed, Will+}
  4234 | D:5      | Reached XP level 7. HP: 55/55 MP: 7/7
  4600 | D:5      | Found a basalt altar of Yredelemnul.
  4906 | D:6      | Gained mutation: You have an unusually large brain. (Int
                  | +2) [demonic ancestry]
  4906 | D:6      | Reached XP level 8. HP: 47/61 MP: 8/8
  4907 | D:6      | Found a hazy altar of Hepliaklqana.
  4921 | D:6      | Reached skill level 5 in Fighting
  5484 | D:5      | Found a basalt altar of Yredelemnul.
  5869 | D:5      | Found a basalt altar of Yredelemnul.
  6400 | D:6      | Found an iron altar of Okawaru.
  6742 | D:6      | Noticed Edmund
  6760 | D:6      | Killed Edmund
  7020 | D:6      | Found a staircase to the Ecumenical Temple.
  7331 | D:6      | Gained mutation: You have a pair of antennae on your head.
                  | [demonic ancestry]
  7331 | D:6      | Reached XP level 9. HP: 61/69 MP: 9/9
  7592 | D:6      | Noticed Sigmund
  7599 | D:6      | Killed Sigmund
  7768 | D:7      | Noticed Pikel
  7787 | D:7      | Killed Pikel
  7788 | D:7      | Reached skill level 6 in Fighting
  7788 | D:7      | Reached skill level 5 in Axes
  7788 | D:7      | Reached skill level 5 in Dodging
  8050 | D:7      | Paralysed by a hornet for 3 turns
  8054 | D:7      | Reached skill level 5 in Armour
  8054 | D:7      | Reached skill level 5 in Evocations
  8365 | D:7      | Noticed Menkaure
  8371 | D:7      | Killed Menkaure
  8582 | D:7      | Reached skill level 1 in Slings
  9256 | D:8      | Gained mutation: You have an extremely huge brain. (Int +4)
                  | [demonic ancestry]
  9256 | D:8      | Reached XP level 10. HP: 77/77 MP: 10/10
  9611 | D:8      | Found Raveff's Book Boutique.
  9761 | D:8      | Found a bloodstained altar of Trog.
  9792 | D:8      | Found Xigaihue's General Store.
  9810 | D:8      | Bought a potion of heal wounds for 60 gold pieces
  9810 | D:8      | Bought a scroll of blinking for 90 gold pieces
  9818 | D:8      | Noticed Joseph
  9838 | D:8      | Killed Joseph
  9839 | D:8      | Reached skill level 7 in Fighting
  9879 | D:8      | Found Alubol's Armour Shoppe.
 10070 | D:8      | Found a runed translucent gate.
 10070 | D:8      | Found a runed translucent gate.
 10070 | D:8      | Found a runed translucent gate.
 10073 | D:8      | Noticed relicbr's ghost (novice DsWn)
 10264 | D:8      | Found a shadowy altar of Dithmenos.
 10327 | D:8      | Found a staircase to the Lair.
 11220 | D:9      | Found the +3 crown of Dyrovepreva {rElec Int+2 SInv}
 11663 | D:9      | Noticed a two-headed ogre
 11675 | D:9      | Killed a two-headed ogre
 11728 | D:9      | Found a burning altar of Makhleb.
 11965 | D:9      | Gained mutation: You have a pair of large antennae on your
                  | head. (SInv) [demonic ancestry]
 11965 | D:9      | Reached XP level 11. HP: 85/85 MP: 11/11
 12162 | D:10     | Entered Level 10 of the Dungeon
 12438 | D:10     | Noticed a two-headed ogre
 13031 | D:8      | Slain by relicbr's ghost

Illustrated notes

Levels and vault maps discovered:
D:1:      dpeg_arrival_brainrot, layout_rooms, serial_park_tiny_1, st_stairs_7,
          serial_bayou_pond_d
D:2:      layout_loops_cross, minmay_puff
D:3:      layout_basic, ashenzari_altar_1, shapermc_ecumenical_altar_notcrosses,
          minmay_stone_trees_small
D:4:      layout_loops_ring, fedhas_altar_2, gammafunk_temple_overflow_pools,
          serial_aquarium, aquarium_bridge_square [aquarium_subvault_bridge,
          aquarium_subvault_bridge, aquarium_subvault_wall,
          aquarium_subvault_wall], aquarium_bridge_long_joined
          [aquarium_subvault_bridge, aquarium_subvault_bridge,
          aquarium_subvault_window, aquarium_subvault_bridge,
          aquarium_subvault_wall, aquarium_subvault_bridge],
          aquarium_window_fake, aquarium_window_1, aquarium_window_corridor_1,
          aquarium_view_2b, aquarium_view_2d, aquarium_balcony_double_4,
          minmay_misc_feat_four_crosses, grunt_decor_one_mirror,
          kennysheep_generic_room_16
D:5:      layout_gridville, overflow_temple_1_default
D:6:      layout_basic, lemuel_crystal_altar, jmf_multi_god_temple,
          minmay_temple_entry_grid, sigmund_edmund_badplayer
D:7:      layout_basic, minmay_misc_feat_cross, st_stairs_13, uniq_pikel,
          uniq_menkaure
D:8:      layout_loops_cross, kennysheep_mini_moat, trog_three_pillars_becter,
          grunt_lair_entry_orc_guard_hut, serial_shops, shop_fountains, shop,
          shop, ebering_ghost_rock_garden, chequers_serial_rivers_large_b,
          grunt_ministairs_2, centaur_isle, uniq_joseph
D:9:      layout_gridville, bloody_makhleb, kennysheep_generic_room_12
D:10:     layout_loops_ring, marbit_many_paths, serial_shops, kennysheep_mini,
          statue_in_the_mist_lemuel, kennysheep_windowed_goal

Skill      XL: |  1  2  3  4  5  6  7  8  9 10 |
---------------+-------------------------------+-----
Dodging        | 2 3 4 5 6 |  6.7
Axes           | 2 3 4 5 6 |  6.7
Armour         | 1 2 3 4 5 6 |  6.4
Throwing       | 1 2 3 4 |  4.5
Evocations     | 1 2 3 4 5 6 |  6.7
Fighting       | 4 5 6 7 |  7.8
Slings         | 1 3 |  3.9
Stealth        | |  4.5

Action                   |  1- 3 |  4- 6 |  7- 9 | 10-12 || total
-------------------------+-------+-------+-------+-------++-------
Melee: Quarterstaff      |    78 |       |       |       ||    78
       War axe           |    61 |   110 |    56 |    14 ||   241
 Fire: Hunting sling     |       |    11 |   296 |   308 ||   615
Throw: Dart              |       |     3 |     2 |     1 ||     6
Evoke: Wand              |       |       |     4 |     1 ||     5
  Use: Scroll            |       |       |     1 |     1 ||     2
       Potion            |       |       |       |     2 ||     2
 Stab: Sleeping          |     2 |     1 |       |       ||     3
       Paralysed         |       |       |     3 |       ||     3
Armor: Leather armour    |     1 |       |       |       ||     1
       Chain mail        |   110 |    41 |       |       ||   151
       Ring mail         |       |    13 |     8 |       ||    21
       Steam dragon scal |       |       |    26 |    26 ||    52
Dodge: Dodged            |    58 |    61 |    98 |    94 ||   311

Table legend: (Time is in decaauts)
 A = Elapsed time spent in this place.
 B = Non-inter-level travel time spent in this place.
 C = Inter-level travel time spent in this place.
 D = Time resting spent in this place.
 E = Time spent auto-exploring this place.
 F = Levels seen in this place.
 G = Mean time per level.
                   A        B        C        D        E       F      G
               +--------+--------+--------+--------+--------+-----+--------+
         Total |  13001 |  12434 |    567 |   1406 |   9190 |  10 | 1300.1 |
       Dungeon |  13001 |  12434 |    567 |   1406 |   9190 |  10 | 1300.1 |
               +--------+--------+--------+--------+--------+-----+--------+

Top non-repeatable levels by time:
     D:8: 2017 daAuts
     D:5: 1803 daAuts
     D:6: 1790 daAuts
     D:7: 1617 daAuts
     D:9: 1432 daAuts
     D:4: 1340 daAuts
     D:2: 1150 daAuts
     D:1: 963 daAuts
     D:3: 865 daAuts
    D:10: 19 daAuts
